 Dungeon Crawl Stone Soup version 0.27.1-33-g824d729ab1 (webtiles) character file.

Game seed: 9537653128115760011

415 safid the Skirmisher (level 6, -6/56 HPs)
             Began as a Hill Orc Fighter on Dec 16, 2021.
             Mangled by Duvessa (7 damage)
             ... on level 4 of the Dungeon.
             The game lasted 00:08:18 (3916 turns).

safid the Skirmisher (Hill Orc Fighter)             Turns: 3916, Time: 00:08:18

Health: -6/56      AC: 13    Str: 21    XL:     6   Next: 92%
Magic:  6/6        EV:  4    Int:  8    God:
Gold:   116        SH: 10    Dex: 10    Spells: 5/5 levels left

rFire    . . .     SeeInvis .   a - +0 war axe
rCold    . . .     Faith    .   c - +0 kite shield
rNeg     . . .     Spirit   .   h - +0 plate armour
rPois    .         Reflect  .   (no helmet)
rElec    .         Harm     .   (no cloak)
rCorr    .         Rampage  .   q - +0 pair of gloves
Will     .....                  (no boots)
Stlth    ..........             (no amulet)
HPRegen  0.18/turn              (no ring)
MPRegen  0.10/turn              (no ring)

@: mighty
A: no striking features
a: no special abilities


You were on level 4 of the Dungeon.
You visited 2 branches of the dungeon, and saw 5 of its levels.

You collected 116 gold pieces.

Inventory:

Hand Weapons
 a - a +0 war axe (weapon)
Missiles
 g - 3 boomerangs
 r - a curare-tipped dart (quivered)
Armour
 c - a +0 kite shield (worn)
 h - a +0 plate armour (worn)
 q - a +0 pair of gloves (worn)
Scrolls
 e - a scroll of amnesia {unknown}
 f - 5 scrolls of identify {unknown}
 i - a scroll of summoning {unknown}
 k - a scroll of fear {unknown}
 o - a scroll of enchant armour {unknown}
Potions
 b - 2 potions of heal wounds {unknown}
 j - 2 potions of degeneration {unknown}
 l - a potion of curing {unknown}
 m - a potion of lignification {unknown}
 n - a potion of cancellation {unknown}
 p - a potion of berserk rage {unknown}
 s - a potion of flight {unknown}


   Skills:
 + Level 5.5 Fighting
 + Level 5.2 Axes
 + Level 5.0 Armour
 + Level 4.9 Shields


You had 5 spell levels left.
You didn't know any spells.
Your spell library contained the following spells:

 Spells                   Type           Power      Damage    Failure   Level
 Magic Dart               Conj           0%         1d3       100%        1
 Call Imp                 Summ           0%         N/A       100%        2
 Mephitic Cloud           Conj/Pois/Air  0%         N/A       100%        3


Dungeon Overview and Level Annotations

Branches:
Dungeon (4/15)             Temple (1/1) D:4

Altars:
Ashenzari
Dithmenos
Elyvilon
Fedhas
Gozag
Hepliaklqana
Makhleb
Nemelex Xobeh
Okawaru
Ru
Sif Muna
Uskayaw
Xom
Zin
The Shining One

Annotations:
D:4 Dowan, Duvessa


Message History

You hit the ogre.
The ogre is almost dead.
The ogre hits you with a +0 giant club.
* * * LOW HITPOINT WARNING * * *
The ogre hits you with a +0 giant club!
* * * LOW HITPOINT WARNING * * *
Unknown command.
You slash the ogre!
You kill the ogre!
Your Axes skill increases to level 5!
Your Armour skill increases to level 5!
Unknown command.
You see here a +0 long sword.
Dowan, Brother of Duvessa comes into view.
He is wielding a +0 dagger.
Dowan shouts!
Dowan moves out of view.
Duvessa, Sister of Dowan comes into view.
She is wielding a +0 rapier and wearing a +1 leather armour of fire resistance.
You see here 15 poisoned darts.
Duvessa shouts!
Dowan points at Duvessa and mumbles some strange words.
Duvessa seems to speed up.
You feel very mighty all of a sudden. Duvessa hits you with a +0 rapier.
* * * LOW HITPOINT WARNING * * *
Duvessa hits you but does no damage.
You hit Duvessa.
Duvessa is lightly wounded.
You block Duvessa's attack. Dowan hits you but does no damage.
You barely miss Duvessa.
Duvessa is lightly wounded.
You slash Dowan! Duvessa hits you but does no damage. You block Dowan's attack.
Duvessa says, "My weaknesses are his strengths!"
Duvessa hits you with a +0 rapier.
* * * LOW HITPOINT WARNING * * *
Unknown command.
You barely miss Duvessa.
Duvessa is lightly wounded.
You miss Dowan. You block Duvessa's attack. Dowan hits you with a +0 dagger.
* * * LOW HITPOINT WARNING * * *
Duvessa hits you with a +0 rapier!
You die...

##...)(.....#... ###.
##.......)......# ##...
#..............##
##....
##...............#
#.....
#...............#
#.....
#...............#
##....
#..............## ##...
#...........e.## ###
#... ##.........e@.#
##.### ##..
##...........# ##....##
##.
##..........###......##
##
###...##....##.......##
#
######.)..#.........##
#...>.#.........##
#..#.........)...##
#....##..#..........#
#.....##..............


You could see Duvessa (fast) and Dowan.

Vanquished Creatures
  2 ogres
  A jelly (D:4)
  A hound (D:4)
  Natasha (thrice) (D:3)
  A hound skeleton (D:4)
  2 adders (D:2)
  A river rat (D:3)
  2 worms (D:2)
  An orc (D:3)
  8 ball pythons
  9 bats
  6 endoplasms
  6 giant cockroaches
  9 goblins
  4 hobgoblins
  5 kobolds
  A frilled lizard (D:1)
  10 rats
72 creatures vanquished.

Notes
Turn   | Place    | Note
-------+----------+-------------------------------------------
     0 | D:1      | safid the Hill Orc Fighter began the quest for the Orb.
     0 | D:1      | Reached XP level 1. HP: 19/19 MP: 1/1
   129 | D:1      | Reached XP level 2. HP: 24/27 MP: 2/2
   947 | D:2      | Reached XP level 3. HP: 24/33 MP: 3/3
  1935 | D:2      | Reached XP level 4. HP: 38/41 MP: 4/4
  2247 | D:3      | Found a sacrificial altar of Ru.
  2356 | D:3      | Found a hide-covered altar of Uskayaw.
  2503 | D:3      | Found a faded altar of an unknown god.
  2503 | D:3      | Found a broken altar of Ashenzari.
  2511 | D:3      | Found a burning altar of Makhleb.
  2513 | D:3      | Found a faded altar of an unknown god.
  2515 | D:3      | Found a shimmering altar of Xom.
  2547 | D:3      | Found a faded altar of an unknown god.
  2590 | D:3      | Noticed an ogre
  2596 | D:3      | Killed an ogre
  2597 | D:3      | Reached XP level 5. HP: 2/47 MP: 5/5
  3414 | D:3      | Noticed Natasha
  3421 | D:3      | Killed Natasha
  3438 | D:3      | Noticed Natasha
  3449 | D:3      | Killed Natasha
  3450 | D:3      | Reached skill level 5 in Fighting
  3450 | D:3      | Reached XP level 6. HP: 45/56 MP: 6/6
  3487 | D:3      | Noticed Natasha
  3495 | D:3      | Killed Natasha
  3679 | D:4      | Found a staircase to the Ecumenical Temple.
  3684 | Temple   | Entered the Ecumenical Temple
  3902 | D:4      | Reached skill level 5 in Axes
  3902 | D:4      | Reached skill level 5 in Armour
  3904 | D:4      | Noticed Dowan
  3905 | D:4      | Noticed Duvessa
  3916 | D:4      | HP: 1/56 [Dowan (2)]
  3916 | D:4      | Mangled by Duvessa

Illustrated notes

Levels and vault maps discovered:
D:1:      heliophobic_arrival_henge, layout_loops_cross,
          minmay_misc_feat_more_columns
D:2:      minmay_chambers_of_twos, layout_loops_ring, kennysheep_generic_room_11
D:3:      layout_loops_corners, hangedman_ru_absence,
          chequers_temple_overflow_minitemple,
          nicolae_uskayaw_murder_on_the_dancefloor, portal_sewer_entry_e,
          ebering_ecumenical_altar_mist, uniq_natasha
D:4:      layout_cave_pods, nzn_wu_jian_council_hall,
          mainiacjoe_overflow_six_doors_small, minmay_temple_entry_purple_smoke,
          uniq_duvessa
Temple:   zaba_magenta_temple

Skill      XL: |  1  2  3  4  5  6 |
---------------+-------------------+-----
Axes           | 3 4 5 |  5.2
Fighting       | 4 5 |  5.5
Armour         | 4 5 |  5.0
Shields        | 4 |  4.9

Action                   |  1- 3 |  4- 6 || total
-------------------------+-------+-------++-------
Melee: War axe           |   118 |   119 ||   237
Throw: Boomerang         |       |     1 ||     1
       Dart              |       |     1 ||     1
  Use: Potion            |       |     2 ||     2
Armor: Scale mail        |    16 |       ||    16
       Plate armour      |    81 |    71 ||   152
Dodge: Dodged            |    21 |    26 ||    47
Block: Kite shield       |    75 |    61 ||   136
